 Dungeon Crawl Stone Soup version 0.19.0-19-g8c6edcc (webtiles) character file.

2761 InterDimensionalOwl the Basher (level 9, -3/82 HPs)
             Began as a Minotaur Berserker on Nov 5, 2016.
             Was an Elder of Trog.
             Slain by a killer bee (6 damage)
             ... on level 6 of the Dungeon on Nov 15, 2016.
             The game lasted 00:42:46 (6779 turns).

InterDimensionalOwl the Basher (Minotaur Berserker) Turns: 6779, Time: 00:42:49

Health: -3/82      AC:  7    Str: 21    XL:     9   Next: 42%
Magic:  8/8        EV: 12    Int:  4    God:    Trog [****..]
Gold:   30         SH:  0    Dex: 14    Spells: 0 memorised, 8 levels left

rFire  . . .     SeeInvis .     a - +1 mace
rCold  . . .     Gourm    .     t - +0 scale mail
rNeg   . . .     Faith    .     (no shield)
rPois  .         Spirit   .     (helmet restricted)
rElec  .         Reflect  .     (no cloak)
rCorr  .         Harm     .     (no gloves)
MR     .....                    (no boots)
Stlth  ..........               (no amulet)
                                (no ring)
                                (no ring)

@: lethally poisoned (-3 -> -22), exhausted, slowed, drained, very slow
A: retaliatory headbutt, horns 2
a: Berserk, Trog's Hand, Brothers in Arms, Burn Spellbooks, Renounce Religion


You were on level 6 of the Dungeon.
You worshipped Trog.
Trog was greatly pleased with you.
You were very hungry.

You visited 2 branches of the dungeon, and saw 8 of its levels.

You collected 246 gold pieces.
You spent 216 gold pieces at shops.

Inventory:

Hand Weapons
 a - a +1 mace (weapon)
 g - a +0 scythe of slicing
 h - a +1 rapier of protection
 j - a +0 flail
 v - a +2 glaive of chopping
 D - a cursed +0 short sword
 F - a cursed +2 war axe
Missiles
 d - 152 stones
 s - 8 javelins
 C - 6 tomahawks (quivered)
Armour
 b - a +0 animal skin
 i - a +1 leather armour
 m - a +0 ring mail
 t - a +0 scale mail (worn)
 A - a +1 leather armour of poison resistance
 H - a cursed +0 leather armour
Wands
 y - a wand of acid (5/15)
 B - a wand of slowing (24/48)
 E - a wand of digging (9/24)
Scrolls
 p - 2 scrolls of remove curse {unknown}
 r - 2 scrolls of teleportation
 w - a scroll of magic mapping {unknown}
Potions
 e - 2 potions of agility
 f - 2 potions of heal wounds
 k - a potion of might
 l - 3 potions of berserk rage {unknown}
 n - 2 potions of ambrosia
 o - 2 potions of degeneration {unknown}
 u - a potion of cancellation {unknown}
 z - a potion of curing {unknown}
Books
 q - a book of Cantrips

   Spells                             Type                      Level
   a - Confusing Touch                Hexes                        1
   b - Animate Skeleton               Necromancy                   1
   c - Summon Small Mammal            Summoning                    1
   d - Apportation                    Translocation                1
   Trog disapproves of the use of such an item.
Comestibles
 c - 5 bread rations
 x - 2 fruits
 I - a beef jerky


   Skills:
 + Level 8.4(8.1) Fighting
 + Level 9.2(9.0) Maces & Flails
 - Level 6.3(6.1) Throwing
 - Level 6.4(6.1) Armour
 + Level 4.2(4.0) Dodging


You had 8 spell levels left.
You didn't know any spells.

Dungeon Overview and Level Annotations

Branches:
Dungeon (7/15)             Temple (1/1) D:4

Altars:
Ashenzari
Cheibriados
Dithmenos
Elyvilon
Fedhas
Gozag
Hepliaklqana
Kikubaaqudgha
Makhleb
Nemelex Xobeh
Okawaru
Qazlal
Ru
Sif Muna
Trog
Uskayaw
Vehumet
Xom
Yredelemnul
Zin
The Shining One

Shops:
D:5 *


Innate Abilities, Weirdness & Mutations

You reflexively headbutt those who attack you in melee.
You have a pair of horns on your head.


Message History

You closely miss the killer bee. Your headbutt misses the killer bee.
* * * LOW HITPOINT WARNING * * *
You feel sick. The killer bee misses you.
You closely miss the killer bee.
* * * LOW HITPOINT WARNING * * *
You feel sick. The killer bee closely misses you. You furiously retaliate!
You headbutt the killer bee. The killer bee barely misses you.
You closely miss the killer bee. You headbutt the killer bee.
The killer bee is moderately wounded.
* * * LOW HITPOINT WARNING * * *
You feel sick.
The killer bee stings you but does no damage.
You sock the killer bee!
The killer bee is almost dead.
You are no longer berserk.
You are exhausted.
You feel yourself slow down.
* * * LOW HITPOINT WARNING * * *
You feel sick. The killer bee stings you.
You die...

#.#.#..# #.#.#..#
#.#.#..##
#.#.#...#
#########.#.#...#
...[....#.#.#...##
#######.#.#.#.#..#
#.#.#.#.#.y#####
#.#.#.#.##@....#
#.#.[..=.....#.#
#.#.#.#.####.#.#
#.#.#.#.# #.#.#
#.#.###.# #.#.#
#.#.....# #.#.#
#.####### #.#.#
#.#....#####.#.#
#....#.......#.#


You could see a killer bee.

Vanquished Creatures
  Pikel (D:6)
  A hippogriff (D:6)
  Sigmund (D:6)
  The ghost of Charly the Chopper, an amateur DDBe of Trog (D:5)
  Duvessa (D:6)
  A sky beast (D:5)
  2 ice beasts
  A phantom (D:5)
  2 bullfrogs (D:6)
  Dowan (D:6)
  5 killer bees
  4 wights (D:6)
  2 hounds
  2 orc priests (D:6)
  8 orc wizards
  3 iguanas
  A worker ant (D:6)
  A hound skeleton (D:7)
  9 gnolls
  A howler monkey skeleton (D:4)
  8 adders
  2 shadow imps
  An adder skeleton (D:5)
  5 worms
  6 dart slugs
  2 leopard geckos
  10 orcs
  A giant cockroach (D:5)
  12 goblins
  11 hobgoblins
  8 jackals
  8 kobolds
  5 quokkas
  5 ball pythons
  5 bats
  7 frilled lizards
  4 rats
  A rat zombie (D:5)
149 creatures vanquished.

Vanquished Creatures (others)
  A slave (D:6)
  A black bear (D:6)
  A crimson imp (D:6)
  An orc wizard (D:6)
  3 orcs (D:6)
7 creatures vanquished.

Grand Total: 156 creatures vanquished

Notes
Turn   | Place    | Note
-------+----------+-------------------------------------------
     0 | D:1      | InterDimensionalOwl the Minotaur Berserker began the quest for the Orb.
     0 | D:1      | Reached XP level 1. HP: 19/19 MP: 0/0
   163 | D:1      | Reached skill level 4 in Maces & Flails
   163 | D:1      | Reached XP level 2. HP: 21/27 MP: 1/1
   363 | D:1      | Reached ** piety under Trog
   562 | D:2      | Reached XP level 3. HP: 29/33 MP: 2/2
   871 | D:2      | Reached skill level 5 in Maces & Flails
   992 | D:2      | Reached XP level 4. HP: 29/41 MP: 3/3
   993 | D:2      | Upgraded the game from 0.19.0-2-gae57169 to 0.19.0-19-g8c6edcc
  1714 | D:2      | Reached skill level 5 in Fighting
  2328 | D:3      | Reached skill level 1 in Throwing
  2328 | D:3      | Reached XP level 5. HP: 32/48 MP: 4/4
  2856 | D:3      | Reached XP level 6. HP: 57/57 MP: 5/5
  2885 | D:3      | Found an opulent altar of Gozag.
  3091 | D:3      | Found a faded altar of an unknown god.
  3123 | D:3      | Reached *** piety under Trog
  3331 | D:3      | Found a radiant altar of Vehumet.
  3710 | D:4      | Found a staircase to the Ecumenical Temple.
  3783 | Temple   | Entered the Ecumenical Temple
  4043 | D:5      | Entered Level 5 of the Dungeon
  4043 | D:5      | Noticed Charly's ghost (amateur DDBe)
  4050 | D:5      | Killed Charly's ghost
  4050 | D:5      | Reached XP level 7. HP: 66/66 MP: 6/6
  4149 | D:5      | Found an ancient bone altar of Kikubaaqudgha.
  4454 | D:5      | Reached skill level 6 in Maces & Flails
  4795 | D:5      | Found Gumyinte's General Store.
  4824 | D:5      | Bought a wand of acid (5/15) for 216 gold pieces
  4941 | D:6      | Noticed Duvessa
  4943 | D:6      | Noticed Dowan
  4946 | D:6      | Killed Duvessa
  4948 | D:6      | Killed Dowan
  4948 | D:6      | Reached skill level 5 in Throwing
  4948 | D:6      | Reached XP level 8. HP: 73/73 MP: 7/7
  5079 | D:6      | Noticed Sigmund
  5091 | D:6      | Killed Sigmund
  5091 | D:6      | Reached skill level 7 in Maces & Flails
  5181 | D:6      | Noticed Pikel
  5208 | D:6      | Killed Pikel
  5486 | D:6      | Reached skill level 8 in Maces & Flails
  5722 | D:7      | Noticed a hippogriff
  5748 | D:6      | Killed a hippogriff
  5748 | D:6      | Reached XP level 9. HP: 79/79 MP: 8/8
  6318 | D:6      | Reached skill level 9 in Maces & Flails
  6320 | D:6      | Reached **** piety under Trog
  6778 | D:6      | HP: 6/123 [poisoned by a killer bee]
  6779 | D:6      | Slain by a killer bee

Skill      XL: |  1  2  3  4  5  6  7  8  9 |
---------------+----------------------------+-----
Maces & Flails | 4 5 6 8 9 |  9.2
Fighting       | 4 5 6 7 8 |  8.4
Throwing       | 1 2 4 5 6 |  6.3
Armour         | 4 6 |  6.4
Dodging        | 4 |  4.2

Action                   |  1- 3 |  4- 6 |  7- 9 || total
-------------------------+-------+-------+-------++-------
Melee: Mace              |    69 |   145 |   188 ||   402
       Headbutt          |     6 |    20 |    47 ||    73
Throw: Stone             |       |    20 |     6 ||    26
       Tomahawk          |       |     7 |     2 ||     9
Invok: Berserk           |     2 |     1 |     6 ||     9
       Trog's Hand       |     1 |       |     2 ||     3
  Use: Scroll            |       |     6 |     1 ||     7
 Stab: Sleeping          |       |     1 |       ||     1
  Eat: Bread ration      |     1 |     1 |       ||     2
       Meat ration       |       |     1 |     1 ||     2
       Chunk             |       |     1 |     4 ||     5
       Fruit             |       |       |     2 ||     2
       Beef jerky        |       |       |     1 ||     1
Armor: Animal skin       |    17 |     2 |       ||    19
       Leather armour    |       |    17 |    14 ||    31
       Scale mail        |       |       |    45 ||    45
Dodge: Dodged            |    53 |    83 |   106 ||   242
